 Dungeon Crawl Stone Soup version 0.30-a0-283-gf371ce1921 (webtiles) character file.

Game seed: 18100643502440215005

64 IndexError the Conjurer (level 3, 0/26 HPs)
             Began as a Draconian Conjurer on Oct 16, 2022.
             Slain by a kobold brigand
             ... wielding a +0 dagger
              (4 damage)
             ... in a sewer.
             The game lasted 00:06:42 (2352 turns).

IndexError the Conjurer (Draconian Conjurer)        Turns: 2352, Time: 00:06:43

Health: 0/26       AC:  6    Str: 15    XL:     3   Next: 91%
Magic:  0/7        EV: 12    Int: 20    God:
Gold:   28         SH:  0    Dex:  9    Spells: 5/8 levels left

rFire   . . .      SeeInvis .    s - +0 whip (elec)
rCold   . . .      Faith    .    (no shield)
rNeg    . . .      Spirit   .    (body armour unavailable)
rPois   .          Reflect  .    (helmet restricted)
rElec   .          Harm     .    (no cloak)
rCorr   .          Rampage  .    d - +0 pair of gloves
Will    .....                    (no boots)
Stlth   ++........               (no amulet)
HPRegen 0.24/turn                n - +6 ring of strength
MPRegen 0.10/turn                o - ring of wizardry {Wiz+, !d}

@: lethally poisoned (0 -> -7), slowed, very slow
A: AC +5, unfitting armour, cold-blooded
a: no special abilities


You were in a sewer.
You visited 1 branch of the dungeon, and saw 3 of its levels.
You also visited: Sewer.

You collected 118 gold pieces.
You spent 90 gold pieces at shops.

Inventory:

Hand Weapons
 s - a +0 whip of electrocution (weapon)
   (You bought it in a shop on level 3 of the Dungeon)
Missiles
 f - 13 stones (quivered)
Armour
 d - a +0 pair of gloves (worn)
   (You found it on level 1 of the Dungeon)
 r - a +0 buckler
   (You found it on level 2 of the Dungeon)
Magical Staves
 k - a staff of air {rElec}
   (You found it on level 1 of the Dungeon)
Jewellery
 n - a +6 ring of strength (left hand)
   (You found it on level 2 of the Dungeon)
 o - a ring of wizardry (right hand) {Wiz+, !d}
   (You found it on level 2 of the Dungeon)
Scrolls
 e - 4 scrolls of identify {unknown}
 j - a scroll of teleportation {unknown}
 m - 2 scrolls of amnesia {unknown}
 p - a scroll of vulnerability {unknown}
Potions
 a - a potion of magic
 b - a potion of degeneration {unknown}
 c - 2 potions of might {unknown}
 g - a potion of berserk rage {unknown}
 h - a potion of resistance {unknown}
 i - 4 potions of curing {unknown}
 l - a potion of mutation {unknown}
 q - a potion of flight {unknown}


   Skills:
 - Level 1.7 Dodging
 - Level 1.7 Stealth
 + Level 3.1 Spellcasting
 + Level 4.8 Conjurations


You had 5 spell levels left.
You knew the following spells:

 Your Spells              Type           Power      Damage    Failure   Level
a - Magic Dart            Conj           88%        1d7       1%          1
b - Searing Ray           Conj           44%        2d6       1%          2

Your spell library contained the following spells:

 Spells                   Type           Power      Damage    Failure   Level
 Dazzling Flash           Conj/Hex       24%        N/A       6%          3
 Kindle Blastsparks       Fire/Tloc/Air  6%         2d10      16%         3
 Fulminant Prism          Conj/Hex       6%         3d7       21%         4
 Iskenderun's Mystic Bla  Conj/Tloc      12%        2d5       21%         4
 Lee's Rapid Deconstruct  Erth           1%         3d4*      80%         5


Dungeon Overview and Level Annotations

Branches:
Dungeon (3/15)              Sewer (1/1)

Altars:

Shops:
D:1 *   D:3 (


Innate Abilities, Weirdness & Mutations

Your plain brown scales are hard. (AC +5)
You cannot fit into any form of body armour.
You are cold-blooded and may be slowed by cold attacks.


Message History

There is a large open door here.
You enter the shallow water.
Moving in this stuff is going to be slow.
There is a glowing drain here.
The world spins around you as you enter the gateway.
You enter a sewer!
There is an empty arch of ancient stone here.
Magic restored.
Found a gate leading back out of this place.
MP restored: 7 A river rat comes into view.
Casting: Searing Ray (safe; 1% risk of failure)
Confirm with . or Enter, or press ? or * to list all spells.
Aiming: Magic Dart (safe; 1% risk of failure)
Press: ? - help, Shift-Dir - straight line, f - river rat
Aim: a river rat (100% to hit)
The magic dart hits the river rat.
You now have 6/7 mp.
Casting: Magic Dart (safe; 1% risk of failure)
Confirm with . or Enter, or press ? or * to list all spells.
Aiming: Searing Ray (safe; 1% risk of failure)
Press: ? - help, Shift-Dir - straight line, f/p - river rat
Aim: a river rat (lightly wounded, 75% to hit)
The searing ray hits the river rat. (Press . to maintain the ray.)
You now have 4/7 mp.
The searing ray hits the river rat.
You now have 3/7 mp.
The searing ray hits the river rat.
You now have 2/7 mp.
A rat comes into view.
MP restored: 7 You throw a stone.
The stone hits the rat.
You throw a stone. The stone barely misses the rat.
You throw a stone.
The stone hits the rat but does no damage.
You throw a stone.
The stone hits the rat but does no damage.
You throw a stone. The stone hits the rat.
No target in view!
A rat comes into view.
You see here a rat corpse.
A rat is nearby!
You throw a stone.
The stone hits the rat but does no damage.
You throw a stone. The stone closely misses the rat.
You throw a stone. The stone closely misses the rat.
You throw a stone. The stone barely misses the rat.
You throw a stone.
The stone hits the rat but does no damage.
You closely miss the rat.
Your tail-slap misses the rat.
The rat bites you but does no damage.
You barely miss the rat. You tail-slap the rat.
No target in view!
You open the door.
A kobold brigand and 2 kobolds come into view.
The kobold brigand is wielding a +0 dagger and quivering curare-tipped darts.
The kobold shouts!
The kobold brigand shouts!
Casting: Searing Ray (safe; 1% risk of failure)
Confirm with . or Enter, or press ? or * to list all spells.
Aiming: Searing Ray (safe; 1% risk of failure)
Press: ? - help, Shift-Dir - straight line, f - kobold
Aim: a kobold, wielding a +0 short sword (72% to hit)
The searing ray hits the kobold brigand.
The searing ray hits the kobold! (Press . to maintain the ray.)
The kobold shouts!
You now have 5/7 mp.
The searing ray hits the kobold brigand!
The searing ray hits the kobold!
The kobold brigand throws a curare-tipped dart.
The curare-tipped dart hits you.
You are poisoned.
You have difficulty breathing.
You feel yourself slow down.
You take 8 damage, and have 18/26 hp.
MASSIVE DAMAGE!!
You now have 4/7 mp.
The searing ray hits the kobold brigand.
You feel very sick.
The kobold brigand throws a curare-tipped dart.
The curare-tipped dart barely misses you.
You take 4 damage, and have 14/26 hp.
You now have 3/7 mp.
The searing ray hits the kobold brigand.
You finish channelling your searing ray.
You feel sick.
The kobold brigand throws a curare-tipped dart.
The curare-tipped dart hits you.
You are more poisoned.
You have difficulty breathing.
You feel as though you will be slow longer.
You take 6 damage, and have 8/26 hp.
MASSIVE DAMAGE!!
You now have 2/7 mp.
Casting: Searing Ray (safe; 1% risk of failure)
Confirm with . or Enter, or press ? or * to list all spells.
Aiming: Searing Ray (safe; 1% risk of failure)
Press: ? - help, Shift-Dir - straight line, f - kobold brigand
Aim: a kobold brigand, wielding a +0 dagger and quivering curare-tipped darts (almost dead, 72% to hit)
The searing ray hits the kobold brigand but does no damage. (Press . to maintain the ray.)
* * * LOW HITPOINT WARNING * * *
You feel very sick.
The kobold brigand hits you with a +0 dagger.
You die...

~≈≈≈≈.....#
~≈≈≈≈~....##
≈≈≈≈≈~~....#
≈≈≈≈≈~.....#
≈≈≈≈≈~~....#
≈≈≈≈≈~~...##
≈≈≈≈≈≈....#
≈≈≈≈≈~~...#
≈≈≈≈≈≈.@.##
≈≈≈≈###K##
≈≈≈≈ ... ≈≈≈
..... ≈≈
##.).##
..... !.#.!
### ###


You could see a kobold brigand.

Vanquished Creatures
  A river rat (Sewer)
  2 dart slugs
  4 orcs (D:2)
  2 ball pythons
  3 bats
  2 endoplasms
  2 giant cockroaches (D:3)
  4 goblins
  6 hobgoblins
  4 jackals (D:1)
  5 kobolds
  A quokka (D:3)
  6 rats
42 creatures vanquished.

Notes
Turn   | Place    | Note
-------+----------+-------------------------------------------
     0 | D:1      | IndexError the Draconian Conjurer began the quest for the
                  | Orb.
     0 | D:1      | Reached XP level 1. HP: 14/14 MP: 3/3
   148 | D:1      | Found Kesol's General Store.
   353 | D:1      | Reached XP level 2. HP: 20/20 MP: 1/5
   491 | D:1      | Learned a level 2 spell: Searing Ray
  1440 | D:2      | Reached XP level 3. HP: 26/26 MP: 4/7
  2091 | D:3      | Found Unauc's Weapon Shoppe.
  2095 | D:3      | Bought a +0 whip of electrocution for 90 gold pieces
  2210 | D:3      | Reached skill level 3 in Spellcasting
  2218 | D:3      | Found a glowing drain.
  2223 | Sewer    | Entered a sewer
  2347 | Sewer    | Noticed a kobold brigand
  2352 | Sewer    | HP: 4/26 [poisoned by a kobold brigand (curare-tipped
                  | dart)]
  2352 | Sewer    | Slain by a kobold brigand

Illustrated notes

Levels and vault maps discovered:
D:1:      matt_arrival_diagonals, layout_loops_ring, serial_shops,
          nicolae_shop_crystal
D:2:      layout_loops_ring, guppyfry_early_orc_mine
D:3:      layout_basic, gup_sewer_entry_bowl, serial_shops,
          nicolae_shop_hallway_stairs, nicolae_elevator_lobby_plus,
          uniq_sigmund, uniq_crazy_yiuf_cottage
Sewer:    sewer_minmay_treatment

Skill      XL: |  1  2  3 |
---------------+----------+-----
Spellcasting   | 3 |  3.1
Dodging        | |  1.7
Stealth        | |  1.7
Conjurations   | |  4.8

Action                   || total
-------------------------++-------
Melee: Short sword       ||    42
       Tailslap          ||    12
       Whip              ||     8
       Punch             ||     1
Throw: Stone             ||    17
 Cast: Magic Dart        ||    42
       Searing Ray       ||    12
Armor: Skin              ||    17
Dodge: Dodged            ||    39

Table legend: (Time is in decaauts)
 A = Elapsed time spent in this place.
 B = Non-inter-level travel time spent in this place.
 C = Inter-level travel time spent in this place.
 D = Time resting spent in this place.
 E = Time spent auto-exploring this place.
 F = Levels seen in this place.
 G = Mean time per level.
                   A        B        C        D        E       F      G
               +--------+--------+--------+--------+--------+-----+--------+
         Total |   2357 |   2171 |    186 |      0 |   1793 |   4 |  589.2 |
       Dungeon |   2226 |   2040 |    186 |      0 |   1691 |   3 |  742.0 |
         Sewer |    130 |    130 |      0 |      0 |    102 |   1 |  130.0 |
               +--------+--------+--------+--------+--------+-----+--------+

Top non-repeatable levels by time:
     D:2: 1101 daAuts
     D:1: 969 daAuts
     D:3: 155 daAuts
   Sewer: 130 daAuts

Table legend:
 A = Kills in this place as a percentage of kills in entire the game.
 B = Kills by you in this place as a percentage of kills by you in the entire game.
 C = Kills by friends in this place as a percentage of kills by friends in the entire game.
 D = Other kills in this place as a percentage of other kills in the entire game.
 E = Experience gained in this place as a percentage of experience gained in the entire game.
 F = Experience gained in this place divided by the number of levels of this place that you have seen.
                   A       B       C       D       E      F
               +-------+-------+-------+-------+-------+----------------------
         Total | 100.0 | 100.0 |   N/A |   N/A | 100.0 |  23.0
       Dungeon |  88.1 |  88.1 |   N/A |   N/A |  80.4 |  24.7
         Sewer |  11.9 |  11.9 |   N/A |   N/A |  19.6 |  18.0
               +-------+-------+-------+-------+-------+----------------------
